TOP OF THE 1ST |
Tortolita Drummers batting - Pitching for Houston BC : RHP Wop Baars
|
Pitching: RHP Wop Baars
|
|
Batting: RHB Tomás Costello
|
0-0: Foul Ball, location: 2F 0-1: Swinging Strike 0-2: Ball 1-2: Foul Ball, location: 2F 1-2: Foul Ball, location: 2F 1-2: Ball 2-2: Ball 3-2: Ground out 4-3 (Groundball, 4)
|
Batting: RHB Vincent Klein
|
0-0: Fly out, F9 (Line Drive, 9)
|
Batting: RHB Jesús Martínez
|
0-0: Ball 1-0: Foul Ball, location: 2F 1-1: Fly out, F8 (Line Drive, 89M)
|
Top of the 1st over - 0 runs, 0 hits, 0 errors, 0 left on base; Tortolita 0 - Houston 0 |
BOTTOM OF THE 1ST |
Houston BC batting - Pitching for Tortolita Drummers : RHP Kabeya Kasongo
|
Pitching: RHP Kabeya Kasongo
|
|
Batting: RHB Kenneth Noid
|
0-0: Ball 1-0: Called Strike 1-1: Swinging Strike 1-2: Strikes out swinging
|
Batting: RHB Orlando Montejo
|
0-0: Ball 1-0: Foul Ball, location: 2F 1-1: Ball 2-1: Ground out 6-3 (Groundball, 6)
|
Batting: RHB António López
|
0-0: Ball 1-0: Called Strike 1-1: Ball 2-1: Ball 3-1: Base on Balls
|
Batting: RHB Angeddy Almanzar
|
0-0: 2-RUN HOME RUN (Flyball, 7LD), Distance : 377 ft
|
Batting: RHB Robby Arnold
|
0-0: Swinging Strike 0-1: Foul Ball, location: 2F 0-2: Ball 1-2: Strikes out swinging
|
Bottom of the 1st over - 2 runs, 1 hit, 0 errors, 0 left on base; Tortolita 0 - Houston 2 |
TOP OF THE 2ND |
Tortolita Drummers batting - Pitching for Houston BC : RHP Wop Baars
|
Batting: LHB Glen Allen Mixon
|
0-0: Called Strike 0-1: SINGLE (Groundball, 4D)
|
Batting: RHB Rich Flannery
|
0-0: Ball 1-0: Swinging Strike 1-1: Grounds into double play, 5-4-3 (Groundball, 56)
|
Batting: RHB Dave Sienna
|
0-0: Called Strike 0-1: Ball 1-1: Ball 2-1: Ball 3-1: Base on Balls
|
Batting: RHB Otis Brewer
|
0-0: Ball 1-0: Fly out, F9 (Flyball, 9D)
|
Top of the 2nd over - 0 runs, 1 hit, 0 errors, 1 left on base; Tortolita 0 - Houston 2 |
BOTTOM OF THE 2ND |
Houston BC batting - Pitching for Tortolita Drummers : RHP Kabeya Kasongo
|
Batting: RHB Jud Regan
|
0-0: Foul Ball, location: 2F 0-1: Foul Ball, location: 2F 0-2: Ball 1-2: Foul Ball, location: 2F 1-2: Ball 2-2: Foul Ball, location: 2F 2-2: Foul Ball, location: 2F 2-2: Ball 3-2: Foul Ball, location: 2F 3-2: Foul Ball, location: 2F 3-2: SINGLE (Line Drive, 5)
|
Batting: RHB Alfredo Mojica
|
0-0: Ball 1-0: Foul Ball, location: 2F 1-1: Grounds into double play, 5-4-3 (Groundball, 5)
|
Batting: RHB Alba Hidalgo de Jesus
|
0-0: Foul Ball, location: 2F 0-1: Ball 1-1: Foul Ball, location: 2F 1-2: Ball 2-2: Foul Ball, location: 2F 2-2: Ball 3-2: Ground out 6-3 (Groundball, 6)
|
Bottom of the 2nd over - 0 runs, 1 hit, 0 errors, 0 left on base; Tortolita 0 - Houston 2 |
TOP OF THE 3RD |
Tortolita Drummers batting - Pitching for Houston BC : RHP Wop Baars
|
Batting: RHB Mun-wah Law
|
0-0: Called Strike 0-1: Foul Ball, location: 2F 0-2: Ball 1-2: Ground out 5-3 (Groundball, 56)
|
Batting: RHB Eisse Cals
|
0-0: Ball 1-0: Ball 2-0: Foul Ball, location: 2F 2-1: Fly out, F8 (Flyball, 8LXD)
|
Batting: RHB Tomás Costello
|
0-0: Foul Ball, location: 2F 0-1: Ball 1-1: Ground out 6-3 (Groundball, 6)
|
Top of the 3rd over - 0 runs, 0 hits, 0 errors, 0 left on base; Tortolita 0 - Houston 2 |
BOTTOM OF THE 3RD |
Houston BC batting - Pitching for Tortolita Drummers : RHP Kabeya Kasongo
|
Now at SS: Eisse Cals
|
|
Batting: RHB Tyler Utterback
|
0-0: Ball 1-0: Hit by Pitch
|
Batting: RHB Kenneth Noid
|
0-0: Ball 1-0: Called Strike 1-1: Ball 2-1: Ball 3-1: Base on Balls Tyler Utterback to second
|
Batting: RHB Orlando Montejo
|
0-0: Called Strike 0-1: Fielders Choice at 2nd, 6-4 (Groundball, 6) Tyler Utterback to third
|
Batting: RHB António López
|
0-0: Swinging Strike 0-1: Called Strike 0-2: Grounds into double play, 6-4-3 (Groundball, 6)
|
Bottom of the 3rd over - 0 runs, 0 hits, 0 errors, 1 left on base; Tortolita 0 - Houston 2 |
TOP OF THE 4TH |
Tortolita Drummers batting - Pitching for Houston BC : RHP Wop Baars
|
Batting: RHB Vincent Klein
|
0-0: Ball 1-0: SINGLE (Line Drive, 8RS)
|
Batting: RHB Jesús Martínez
|
0-0: Ball 1-0: Ball 2-0: Fly out, F8 (Flyball, 8RD)
|
Batting: LHB Glen Allen Mixon
|
0-0: SINGLE (Line Drive, 3D) Vincent Klein to second
|
Batting: RHB Rich Flannery
|
0-0: SINGLE (Line Drive, 89S) Vincent Klein to third Glen Allen Mixon to second
|
Batting: RHB Dave Sienna
|
0-0: Called Strike 0-1: Called Strike 0-2: Ball 1-2: Ball 2-2: Ball 3-2: DOUBLE (Flyball, 8LXD) Vincent Klein scores Glen Allen Mixon scores Rich Flannery to third Runner from 3rd tries for Home, SAFE, no throw
|
Batting: RHB Otis Brewer
|
0-0: Swinging Strike 0-1: Called Strike 0-2: Ball 1-2: Ball 2-2: Ball 3-2: Strikes out swinging
|
Batting: RHB Mun-wah Law
|
0-0: Ball 1-0: SINGLE (Flyball, 7LS) Dave Sienna to third Runner from 3rd tries for Home, SAFE, no throw
|
Batting: RHB Eisse Cals
|
0-0: Fly out, F5 (Line Drive, 5L)
|
Top of the 4th over - 4 runs, 5 hits, 0 errors, 1 left on base; Tortolita 4 - Houston 2 |
BOTTOM OF THE 4TH |
Houston BC batting - Pitching for Tortolita Drummers : RHP Kabeya Kasongo
|
Batting: RHB Angeddy Almanzar
|
0-0: Ball 1-0: Ball 2-0: Called Strike 2-1: Foul Ball, location: 2F 2-2: Foul Ball, location: 2F 2-2: Strikes out swinging
|
Batting: RHB Robby Arnold
|
0-0: Called Strike 0-1: Ground out 1-3 (Groundball, 13)
|
Batting: RHB Jud Regan
|
0-0: Fly out, F8 (Flyball, 8LXD)
|
Bottom of the 4th over - 0 runs, 0 hits, 0 errors, 0 left on base; Tortolita 4 - Houston 2 |
TOP OF THE 5TH |
Tortolita Drummers batting - Pitching for Houston BC : RHP Wop Baars
|
Batting: RHB Tomás Costello
|
0-0: Called Strike 0-1: Ball 1-1: Fly out, F7 (Flyball, 7LSF)
|
Batting: RHB Vincent Klein
|
0-0: Called Strike 0-1: Foul Ball, location: 2F 0-2: Ball 1-2: Foul Ball, location: 2F 1-2: Ball 2-2: Strikes out swinging
|
Batting: RHB Jesús Martínez
|
0-0: Called Strike 0-1: Ball 1-1: Ball 2-1: Ball 3-1: Foul Ball, location: 2F 3-2: Strikes out swinging
|
Top of the 5th over - 0 runs, 0 hits, 0 errors, 0 left on base; Tortolita 4 - Houston 2 |
BOTTOM OF THE 5TH |
Houston BC batting - Pitching for Tortolita Drummers : RHP Kabeya Kasongo
|
Batting: RHB Alfredo Mojica
|
0-0: Foul Ball, location: 2F 0-1: Ground out 6-3 (Groundball, 6)
|
Batting: RHB Alba Hidalgo de Jesus
|
0-0: Called Strike 0-1: Ground out 4-3 (Groundball, 4)
|
Batting: RHB Tyler Utterback
|
0-0: Ball 1-0: Ball 2-0: Called Strike 2-1: Foul Ball, location: 2F 2-2: Foul Ball, location: 2F 2-2: Strikes out looking
|
Bottom of the 5th over - 0 runs, 0 hits, 0 errors, 0 left on base; Tortolita 4 - Houston 2 |
TOP OF THE 6TH |
Tortolita Drummers batting - Pitching for Houston BC : RHP Wop Baars
|
Batting: LHB Glen Allen Mixon
|
0-0: Ball 1-0: Fly out, F3 (Line Drive, 3L)
|
Batting: RHB Rich Flannery
|
0-0: Ball 1-0: Ground out 6-3 (Groundball, 6)
|
Batting: RHB Dave Sienna
|
0-0: Fly out, F8 (Flyball, 8LS)
|
Top of the 6th over - 0 runs, 0 hits, 0 errors, 0 left on base; Tortolita 4 - Houston 2 |
BOTTOM OF THE 6TH |
Houston BC batting - Pitching for Tortolita Drummers : RHP Kabeya Kasongo
|
Batting: RHB Kenneth Noid
|
0-0: Called Strike 0-1: Foul Ball, location: 2F 0-2: Foul Ball, location: 2F 0-2: Foul Ball, location: 2F 0-2: Foul Ball, location: 2F 0-2: Foul Ball, location: 2F 0-2: Ball 1-2: Foul Ball, location: 2F 1-2: SINGLE (Groundball, 56S) (infield hit)
|
Batting: RHB Orlando Montejo
|
0-0: Called Strike 0-1: Ball 1-1: Ball 2-1: Sac Bunt - play at first, batter OUT! 1-4 Kenneth Noid to second
|
Batting: RHB António López
|
0-0: Ball 1-0: Ball 2-0: Ground out 5-3 (Groundball, 5S) Kenneth Noid to third
|
Batting: RHB Angeddy Almanzar
|
0-0: Called Strike 0-1: Swinging Strike 0-2: 2-RUN HOME RUN (Flyball, 7D), Distance : 413 ft
|
Batting: RHB Robby Arnold
|
0-0: Ball 1-0: Foul Ball, location: 2F 1-1: SINGLE (Groundball, 56S) (infield hit)
|
Batting: RHB Jud Regan
|
0-0: Ball 1-0: Ball 2-0: SINGLE (Line Drive, 7S) Robby Arnold to second
|
Pitching: RHP Manny Sandoval
|
|
Batting: RHB Alfredo Mojica
|
0-0: Called Strike 0-1: Foul Ball, location: 2F 0-2: Foul Ball, location: 2F 0-2: Ball 1-2: Foul Ball, location: 2F 1-2: SINGLE (Line Drive, 8RM) Robby Arnold to third Jud Regan to second Runner from 3rd tries for Home, SAFE, throw made home
|
Batting: RHB Alba Hidalgo de Jesus
|
0-0: Swinging Strike 0-1: Called Strike 0-2: Ball 1-2: Ball 2-2: Ball 3-2: Strikes out swinging
|
Bottom of the 6th over - 3 runs, 5 hits, 0 errors, 2 left on base; Tortolita 4 - Houston 5 |
TOP OF THE 7TH |
Tortolita Drummers batting - Pitching for Houston BC : RHP Wop Baars
|
Batting: RHB Otis Brewer
|
0-0: Ball 1-0: Fly out, F9 (Flyball, 9S)
|
Batting: RHB Mun-wah Law
|
0-0: Fly out, F6 (Line Drive, 6)
|
Pitching: LHP Ramón Negrón
|
|
Batting: RHB Eisse Cals
|
0-0: Fly out, F9 (Flyball, 9S)
|
Top of the 7th over - 0 runs, 0 hits, 0 errors, 0 left on base; Tortolita 4 - Houston 5 |
BOTTOM OF THE 7TH |
Houston BC batting - Pitching for Tortolita Drummers : RHP Manny Sandoval
|
Batting: RHB Tyler Utterback
|
0-0: SINGLE (Groundball, 34D)
|
Batting: RHB Kenneth Noid
|
0-0: Ball 1-0: Foul Ball, location: 2F 1-1: Ball 2-1: Ball 3-1: Ground out 4-3 (Groundball, 4S) Tyler Utterback to second
|
Batting: RHB Orlando Montejo
|
0-0: Ball 1-0: Foul Ball, location: 2F 1-1: Ball 2-1: Foul Ball, location: 2F 2-2: Ball 3-2: Ground out 6-3 (Groundball, 6)
|
Batting: RHB António López
|
0-0: Ball 1-0: Ball 2-0: Called Strike 2-1: Called Strike 2-2: Foul Ball, location: 2F 2-2: Ground out 5-3 (Groundball, 5)
|
Bottom of the 7th over - 0 runs, 1 hit, 0 errors, 1 left on base; Tortolita 4 - Houston 5 |
TOP OF THE 8TH |
Tortolita Drummers batting - Pitching for Houston BC : LHP Ramón Negrón
|
Now at C: José Perea
|
|
Batting: RHB Tomás Costello
|
0-0: SINGLE (Line Drive, 8LS)
|
Pitching: RHP Júlio Rodríguez
|
|
Batting: RHB Vincent Klein
|
0-0: Foul Ball, location: 2F 0-1: Ball 1-1: Called Strike 1-2: Ground out 5-3 (Groundball, 2L) Tomás Costello to second
|
Pinch Hitting: LHB Yannick Hendriksen
|
0-0: Foul Ball, location: 2F 0-1: Foul Ball, location: 2F 0-2: Foul Ball, location: 2F 0-2: Strikes out swinging
|
Batting: LHB Glen Allen Mixon
|
0-0: Called Strike 0-1: Called Strike 0-2: Ball 1-2: Foul Ball, location: 2F 1-2: Foul Ball, location: 2F 1-2: Foul Ball, location: 2F 1-2: Strikes out swinging
|
Top of the 8th over - 0 runs, 1 hit, 0 errors, 1 left on base; Tortolita 4 - Houston 5 |
BOTTOM OF THE 8TH |
Houston BC batting - Pitching for Tortolita Drummers : RHP Manny Sandoval
|
Now at 3B: Qwuntrezz Knight
|
|
Batting: RHB Angeddy Almanzar
|
0-0: Ball 1-0: Ball 2-0: Ball 3-0: Base on Balls
|
Batting: RHB Robby Arnold
|
0-0: Called Strike 0-1: Foul Ball, location: 2F 0-2: Ball 1-2: Ball 2-2: Strikes out looking
|
Batting: RHB Jud Regan
|
0-0: Foul Ball, location: 2F 0-1: Fly out, F8 (Flyball, 8RM)
|
Batting: RHB Alfredo Mojica
|
0-0: Called Strike 0-1: Ball 1-1: Ball 2-1: Swinging Strike 2-2: Strikes out looking
|
Bottom of the 8th over - 0 runs, 0 hits, 0 errors, 1 left on base; Tortolita 4 - Houston 5 |
TOP OF THE 9TH |
Tortolita Drummers batting - Pitching for Houston BC : RHP Júlio Rodríguez
|
Pitching: RHP Ken Peterson
|
|
Now in RF: Earl Wiley
|
|
Batting: RHB Rich Flannery
|
0-0: Called Strike 0-1: Ball 1-1: Ball 2-1: Ball 3-1: Swinging Strike 3-2: Foul Ball, location: 2F 3-2: Strikes out swinging
|
Batting: RHB Dave Sienna
|
0-0: Ball 1-0: Ball 2-0: Called Strike 2-1: Foul Ball, location: 2F 2-2: Ball 3-2: Base on Balls
|
Batting: RHB Otis Brewer
|
0-0: Ball 1-0: Foul Ball, location: 2F 1-1: Swinging Strike 1-2: Foul Ball, location: 2F 1-2: Strikes out swinging
|
Batting: RHB Mun-wah Law
|
0-0: Ball 1-0: Called Strike 1-1: Ball 2-1: Ball 3-1: SINGLE (Flyball, 8LS) Dave Sienna to second
|
Batting: RHB Eisse Cals
|
0-0: Fly out, F9 (Flyball, 9D)
|
Top of the 9th over - 0 runs, 1 hit, 0 errors, 2 left on base; Tortolita 4 - Houston 5 |
|